 Dungeon Crawl Stone Soup version 0.31-a0-818-ge7c7cf74f0 (webtiles) character file.

Game seed: 10082430841413782889

906 IdlyInterested the Trooper (level 7, 0/50 (55) HPs)
             Began as a Demonspawn Fighter on Sept 22, 2023.
             Slain by a wight
             ... wielding a +2 scimitar of freezing
              (1 damage)
             ... on level 6 of the Dungeon.
             The game lasted 00:13:30 (3295 turns).

IdlyInterested the Trooper (Demonspawn Fighter)     Turns: 3295, Time: 00:13:30

HP:   0/50 (55)     AC:  8    Str: 17    XL:     7   Next: 81%
MP:   13/13         EV: 11    Int: 19    God:
Gold: 149           SH:  5    Dex: 14    Spells: 14/14 levels left

rFire   . . .        z - +2 dagger (venom)
rCold   . . .        c - +0 buckler
rNeg    . . .        k - +3 leather armour
rPois   +            (no helmet)
rElec   .            (no cloak)
rCorr   .            A - +0 pair of gloves
SInv    .            q - +0 pair of boots
Will    .....        h - amulet of the acrobat
Stlth   ++           i - ring of poison resistance
HPRegen 0.28/turn    m - +6 ring of intelligence
MPRegen 0.13/turn

%: acrobat
@: mighty, drained
A: demonic guardian 1, big brain 2, weakness stinger 1
a: no special abilities


You were on level 6 of the Dungeon.
You visited 2 branches of the dungeon, and saw 7 of its levels.

You collected 149 gold pieces.

Inventory:

Hand Weapons
 a - a +0 rapier
 e - a +0 spear
 f - a +3 flail
 j - a +0 dagger
 u - a +0 short sword
 x - a +0 war axe
 z - a +2 dagger of venom (weapon)
 B - a +0 rapier
Missiles
 g - 58 stones
 r - 17 poisoned darts (quivered)
 v - 2 boomerangs
Armour
 c - a +0 buckler (worn)
 k - a +3 leather armour (worn)
 p - an orb of mayhem
 q - a +0 pair of boots (worn)
 t - a +0 robe
 w - a +0 chain mail
 A - a +0 pair of gloves (worn)
Jewellery
 h - an amulet of the acrobat (around neck)
 i - a ring of poison resistance (left hand)
 m - a +6 ring of intelligence (right hand)
 n - a ring of magical power
Scrolls
 l - a scroll of teleportation
 o - 2 scrolls of identify
 y - a scroll of torment {unknown}
 C - a scroll of revelation {unknown}
Potions
 b - a potion of enlightenment


   Skills:
 * Level 4.7 Fighting
 + Level 4.3 Short Blades
 - Level 1.0 Throwing
 - Level 3.0 Armour
 - Level 1.0 Dodging
 + Level 2.5 Stealth
 - Level 4.0 Shields
 - Level 4.0 Spellcasting


You had 14 spell levels left.
You didn't know any spells.
Your spell library was empty.

Dungeon Overview and Level Annotations

Branches:
Dungeon (7/15)             Temple (1/1) D:7

Altars:
Ashenzari
Cheibriados
Dithmenos
Fedhas
Gozag
Kikubaaqudgha
Makhleb
Nemelex Xobeh
Okawaru
Qazlal
Ru
Sif Muna
Trog
Uskayaw
Vehumet
Wu Jian
Xom
Yredelemnul

Annotations:
D:4 Natasha


Innate Abilities, Weirdness & Mutations

A weak demonic guardian rushes to your aid.
You have an extremely huge brain. (Int +4)
You have a small tail.


Message History

Found a stone staircase leading down. 2 wights come into view.
A wight is wielding a +2 scimitar of freezing.
You see here 7 gold pieces.
You block the wight's attack.
You see here a scroll labelled NETIMIQUOMP.
You block the wight's attack.
You see here 7 gold pieces.
The wight attacks as it pursues you! The wight completely misses you.
The wight attacks as it pursues you! The wight barely misses you.
You barely miss the wight.
Your tail-slap misses the wight.
The wight hits you with a +2 scimitar of freezing.
The wight freezes you.
You hit the wight.
The wight is lightly damaged.
You closely miss the wight.
The wight is lightly damaged.
The wight hits you with a +2 scimitar of freezing.
The wight freezes you.
You hit the wight. You tail-slap the wight.
The wight is moderately damaged.
The wight hits you with a +2 scimitar of freezing!
You feel drained. The wight freezes you!
* * * LOW HITPOINT WARNING * * *
You barely miss the wight.
The wight is moderately damaged.
The wight barely misses you.
You closely miss the wight. You tail-slap the wight.
The wight is heavily damaged.
The wight hits you with a +2 scimitar of freezing.
* * * LOW HITPOINT WARNING * * *
A demonic guardian appears!
You feel drained.
* * * LOW HITPOINT WARNING * * *
The wight freezes you.
* * * LOW HITPOINT WARNING * * *
You feel very mighty all of a sudden.
The wight hits you with a +2 scimitar of freezing.
* * * LOW HITPOINT WARNING * * *
You feel drained. The wight freezes you.
You die...

############ #..........#
########## #..........#
#........# #..........#
#........# #..........#
###........#######5...$?....#
..).........))..@zz.........#
###........#######z.......>.#
#........# ##..########
#........# #..## #........#
#.## #........# #. #........#
.. ..####...# .. ##.#


You could see 3 wights and a friendly white imp (summoned).

Vanquished Creatures
  A steam dragon (D:7)
  An ice beast (D:7)
  2 centaurs
  A bullfrog (D:6)
  A scorpion (D:4)
  2 wights (D:6)
  2 hounds
  2 orc wizards
  3 adders
  A white imp (D:7)
  A worm (D:2)
  3 dart slugs
  12 orcs
  7 ball pythons
  6 endoplasms
  3 giant cockroaches
  5 goblins
  A hobgoblin (D:2)
  4 jackals (D:3)
  6 kobolds
  A quokka (D:1)
  6 bats
  4 frilled lizards
  5 rats
80 creatures vanquished.

Vanquished Creatures (collateral kills)
  A phantom (D:6)
1 creature vanquished.

Grand Total: 81 creatures vanquished

Notes
Turn   | Place    | Note
-------+----------+-------------------------------------------
     0 | D:1      | IdlyInterested the Demonspawn Fighter began the quest for
                  | the Orb.
     0 | D:1      | Reached XP level 1. HP: 18/18 MP: 1/1
   148 | D:1      | Found a faded altar of an unknown god.
   173 | D:1      | Gained mutation: You have an unusually large brain. (Int
                  | +2) [demonic ancestry]
   173 | D:1      | Reached XP level 2. HP: 23/24 MP: 3/3
   262 | D:1      | Reached skill level 1 in Spellcasting
   949 | D:2      | Reached XP level 3. HP: 3/29 MP: 5/5
  1434 | D:2      | Reached skill level 1 in Dodging
  1985 | D:3      | Gained mutation: You have a small tail. [demonic ancestry]
  1985 | D:3      | Reached XP level 4. HP: 35/35 MP: 5/7
  2069 | D:3      | Reached skill level 1 in Throwing
  2681 | D:4      | Noticed a scorpion
  2687 | D:4      | Reached skill level 1 in Stealth
  2691 | D:4      | Killed a scorpion
  2692 | D:4      | Gained mutation: A weak demonic guardian rushes to your
                  | aid. [demonic ancestry]
  2692 | D:4      | Reached XP level 5. HP: 29/41 MP: 7/9
  2776 | D:4      | Noticed Natasha
  2779 | D:4      | You fall into a shaft and drop 3 floors!
  2779 | D:7      | Found a blossoming altar of Fedhas.
  2779 | D:7      | Found a bloodstained altar of Trog.
  2781 | D:7      | Found a shimmering altar of Xom.
  2784 | D:7      | Found a hide-covered altar of Uskayaw.
  2787 | D:7      | Found a shimmering blue altar of Sif Muna.
  2794 | D:7      | Found a sparkling altar of Nemelex Xobeh.
  2795 | D:7      | Found a burning altar of Makhleb.
  2811 | D:7      | Found a staircase to the Ecumenical Temple.
  2817 | D:7      | Noticed an ice beast
  2819 | D:7      | Noticed a steam dragon
  2829 | D:7      | Killed an ice beast
  2830 | D:7      | Reached XP level 6. HP: 37/48 MP: 10/10
  2836 | D:7      | Killed a steam dragon
  2841 | D:7      | Gained mutation: You have an extremely huge brain. (Int +4)
                  | [demonic ancestry]
  2841 | D:7      | Reached XP level 7. HP: 23/54 MP: 11/11
  2878 | Temple   | Found a transporter.
  2878 | Temple   | Found a transporter.
  2878 | Temple   | Found a transporter.
  2878 | Temple   | Found a transporter.
  2878 | Temple   | Entered the Ecumenical Temple
  3294 | D:6      | HP: 2/51 [wight/+2 scimitar of freezing (3)]
  3295 | D:6      | Slain by a wight

Illustrated notes

Levels and vault maps discovered:
D:1:      zelgadis_glass_arrival_small, layout_loops_ring,
          hellmonk_ecumenical_altar_crossroads
D:2:      layout_basic
D:3:      layout_loops_ring, dreamdust_princess_bridge, wad_orctagon
D:4:      layout_loops_ring, nicolae_shop_clearance, uniq_natasha, uniq_ijyb
D:6:      layout_rooms, lemuel_tele_altar, minmay_misc_feat_cross
D:7:      layout_cave_pools, nicolae_overflow_hallway_of_the_gods,
          minmay_temple_entry_statues_fountains, kennysheep_crisscross,
          small_statue_intersection, nicolae_elevator_lobby_asterisk,
          uniq_prince_ribbit1
Temple:   hellmonk_temple_divided_pantheon

Skill      XL: |  1  2  3  4  5  6  7 |
---------------+----------------------+-----
Short Blades   | 2 3 4 |  4.3
Armour         | 3 |  3.0
Spellcasting   | 1 2 3 4 |  4.0
Dodging        | 1 |  1.0
Throwing       | 1 |  1.0
Stealth        | 1 2 |  2.5
Shields        | 3 4 |  4.0
Fighting       | 4 |  4.7

Action                     |  1- 3 |  4- 6 |  7- 9 || total
---------------------------+-------+-------+-------++-------
  Melee: Rapier            |   123 |       |       ||   123
         Dagger            |    34 |    76 |    68 ||   178
         Tailslap          |       |    14 |    12 ||    26
  Throw: Stone             |     3 |       |       ||     3
         Dart              |    10 |       |       ||    10
         Boomerang         |       |       |     4 ||     4
    Use: Scroll            |     6 |     3 |       ||     9
         Potion            |     1 |     2 |     2 ||     5
   Stab: Sleeping          |       |     1 |       ||     1
 Armour: Scale mail        |    77 |       |       ||    77
         Leather armour    |     8 |    41 |    40 ||    89
  Dodge: Dodged            |    58 |    40 |    44 ||   142
  Block: Buckler           |    32 |    10 |    16 ||    58

Table legend: (Time is in decaauts)
 A = Elapsed time spent in this place.
 B = Non-inter-level travel time spent in this place.
 C = Inter-level travel time spent in this place.
 D = Time resting spent in this place.
 E = Time spent auto-exploring this place.
 F = Levels seen in this place.
 G = Mean time per level.
                   A        B        C        D        E       F      G
               +--------+--------+--------+--------+--------+-----+--------+
         Total |   3294 |   3070 |    224 |    393 |   1583 |   7 |  470.6 |
       Dungeon |   3221 |   2997 |    224 |    358 |   1583 |   6 |  536.8 |
        Temple |     72 |     72 |      0 |     35 |      0 |   1 |   72.0 |
               +--------+--------+--------+--------+--------+-----+--------+

Top non-repeatable levels by time:
     D:2: 927 daAuts
     D:3: 907 daAuts
     D:1: 812 daAuts
     D:6: 324 daAuts
     D:4: 143 daAuts
     D:7: 106 daAuts
  Temple: 72 daAuts
